 Dungeon Crawl Stone Soup version 0.19.5 (webtiles) character file.

88638 Chifra the Martial Artist (level 15, -2/158 HPs)
             Began as a Grey Draconian Transmuter on Apr 9, 2017.
             Was a High Priest of Vehumet.
             Slain by a hornet (14 damage)
             ... created by a shambling mangrove
             ... on level 1 of the Swamp.
             The game lasted 02:30:07 (33468 turns).

Chifra the Martial Artist (DrTm)                   Turns: 33468, Time: 02:30:08

Health: -2/158     AC:  7    Str: 12    XL:     15   Next: 47%
Magic:  0/38       EV: 15    Int: 20    God:    Vehumet [*****.]
Gold:   830        SH:  0    Dex: 12    Spells: 12 memorised, 0 levels left

rFire  . . .     SeeInvis .       - Unarmed
rCold  + + +     Gourm    .     (armour unavailable)
rNeg   . . .     Faith    .     (shield currently unavailable)
rPois  +         Spirit   +     (helmet currently unavailable)
rElec  .         Reflect  .     (cloak currently unavailable)
rCorr  .         Harm     .     (gloves currently unavailable)
MR     +....                    (boots currently unavailable)
Stlth  ++........               u - amulet of guardian spirit
                                M - ring of protection from fire
                                p - ring of magical power

@: ice-form, slowed, repel missiles, very slow
A: (walk through water), unfitting armour, (unbreathing), (cold-blooded), AC +14
a: End Transformation, Renounce Religion


You were on level 1 of the Swamp.
You worshipped Vehumet.
Vehumet was extremely pleased with you.
You were very hungry.
You were a creature of crystalline ice.
You visited 5 branches of the dungeon, and saw 24 of its levels.
You also visited: Sewer, Bailey and Ice Cave.

You collected 2090 gold pieces.
You spent 1260 gold pieces at shops.

Inventory:

Hand Weapons
 P - the +7 glaive "Atih" {freeze, rElec Dex+9}
   (You found it in an ice cave)

   It has been specially enchanted to freeze those struck by it, causing extra
   injury to most foes and up to half again as much damage against particularly
   susceptible opponents.
   It can also slow down cold-blooded creatures.
   It affects your dexterity (+9).
   It insulates you from electricity.
Missiles
 a - 306 arrows
Armour
 f - a +2 pair of gloves (melded)
 g - a +0 buckler
 k - a +0 buckler
 G - a +2 cloak of magic resistance (melded)
Jewellery
 l - an uncursed ring of protection from cold
 m - an uncursed ring of positive energy
 p - a ring of magical power (left front paw)
 u - an amulet of guardian spirit (around neck)
 M - a ring of protection from fire (right front paw)
 O - a +2 amulet of reflection
Wands
 x - a wand of disintegration (22/24)
 S - a wand of digging (11/24)
Scrolls
 d - 5 scrolls of enchant armour
 h - 5 scrolls of fear
 o - 14 scrolls of remove curse
 s - a scroll of magic mapping
 t - 4 scrolls of amnesia
 w - 2 scrolls of teleportation
 D - 2 scrolls of recharging
Potions
 e - 2 potions of curing
 n - 3 potions of brilliance
 q - 3 potions of berserk rage
 r - 7 potions of flight
 v - 5 potions of cancellation
 z - a potion of ambrosia
 B - 4 potions of haste
 C - a potion of cure mutation
 F - 3 potions of beneficial mutation {unknown}
 J - 3 potions of magic
 L - a potion of agility
 Q - a potion of resistance
Books
 b - a book of Changes

   Spells                             Type                      Level
   a - Beastly Appendage              Transmutation                1
   b - Sticks to Snakes               Transmutation                2
   c - Spider Form                    Transmutation/Poison         3
   d - Ice Form                       Ice/Transmutation            4
   e - Blade Hands                    Transmutation                5
 i - a book of Battle

   Spells                             Type                      Level
   a - Infusion                       Charms                       1
   b - Shroud of Golubria             Charms/Translocation         2
   c - Song of Slaying                Charms                       2
   d - Spectral Weapon                Hexes/Charms                 3
   e - Regeneration                   Charms/Necromancy            3
 j - Lehudib's Catalogue of Clay
   (You bought it in a shop on level 14 of the Dungeon)

   Spells                             Type                      Level
   a - Passwall                       Transmutation/Earth          2
   b - Lee's Rapid Deconstruction     Earth                        5
   c - Statue Form                    Transmutation/Earth          6
   d - Shatter                        Earth                        9
 E - a book of Power

   Spells                             Type                      Level
   a - Fulminant Prism                Conjuration/Hexes            4
   b - Iskenderun's Mystic Blast      Conjuration                  4
   c - Venom Bolt                     Conjuration/Poison           5
   d - Bolt of Magma                  Conjuration/Fire/Earth       5
   e - Iron Shot                      Conjuration/Earth            6
   f - Orb of Destruction             Conjuration                  7
   g - Spellforged Servitor           Conjuration/Summoning        7
 N - a book of Party Tricks

   Spells                             Type                      Level
   a - Summon Butterflies             Summoning                    1
   b - Apportation                    Translocation                1
   c - Lesser Beckoning               Translocation                3
   d - Tukima's Dance                 Hexes                        3
   e - Alistair's Intoxication        Transmutation/Poison         5
   f - Invisibility                   Hexes                        6
Comestibles
 c - 11 bread rations
 A - 3 chunks of flesh
 H - 7 slices of pizza


   Skills:
 - Level 12.0 Fighting
 + Level 11.0 Dodging
 - Level 4.0 Stealth
 - Level 12.2 Unarmed Combat
 - Level 10.2 Spellcasting
 * Level 8.1 Conjurations
 - Level 5.0 Charms
 - Level 2.0 Necromancy
 - Level 1.0 Translocations
 - Level 10.2 Transmutations
 * Level 9.5 Earth Magic
 - Level 1.1 Poison Magic


You couldn't memorise any spells.
You knew the following spells:

 Your Spells              Type           Power        Failure   Level  Hunger
a - Beastly Appendage     Tmut           ######       1%          1    None
b - Sticks to Snakes      Tmut           ######..     1%          2    None
c - Spider Form           Tmut/Pois      ####......   1%          3    None
d - Blade Hands           Tmut           ######....   3%          5    ####...
e - Shroud of Golubria    Chrm/Tloc      ###.......   2%          2    None
f - Regeneration          Chrm/Necr      ###.......   6%          3    None
g - Iron Shot             Conj/Erth      #####.....   10%         6    ######.
h - Ice Form              Ice/Tmut       ####....     10%         4    ##.....
i - Song of Slaying       Chrm           ####....     1%          2    None
j - Passwall              Tmut/Erth      ######....   1%          2    None
k - Repel Missiles        Chrm/Air       ###...       3%          2    None
l - Swiftness             Chrm/Air       ###.....     3%          2    None


Dungeon Overview and Level Annotations

Branches:
Dungeon (14/15)            Temple (1/1) D:4            Lair (6/6) D:11
  Swamp (1/4) Lair:2       Spider (0/4) Lair:4        Slime (0/5) Lair:5
    Orc (2/2) D:10            Elf (0/3) Orc:2
 Vaults: D:13-14

Altars:
Ashenzari
Cheibriados
Dithmenos
Elyvilon
Fedhas
Gozag
Hepliaklqana
Kikubaaqudgha
Makhleb
Nemelex Xobeh
Okawaru
Qazlal
Ru
Sif Muna
Trog
Uskayaw
Vehumet
Xom
Yredelemnul
Zin
The Shining One
Beogh
Jiyva

Shops:
D:7 }   D:14 *   Orc:2 }?[}


Innate Abilities, Weirdness & Mutations

((You can walk through water.))
((Your dull iron-grey scales are very hard. (AC +14)))
You cannot fit into any form of body armour.
((You can survive without breathing.))
((You are cold-blooded and may be slowed by cold attacks.))


Message History

The hornet stings you.
* * * LOW HITPOINT WARNING * * *
The hornet stings you.
* * * LOW HITPOINT WARNING * * *
The hornet stings you!
* * * LOW HITPOINT WARNING * * *
The hornet stings you.
* * * LOW HITPOINT WARNING * * *
The hornet stings you.
* * * LOW HITPOINT WARNING * * *
You feel as though you will be slow longer.
The hornet stings you.
* * * LOW HITPOINT WARNING * * *
You are lethally poisoned!
You shrug off the repeated paralysis!
You can move again.
You feel better. The hornet completely misses you.
The hornet stings you but does no damage.
The hornet barely misses you. The hornet stings you!
You die...

≈.≈...≈...≈.♣≈≈...♣♣
≈≈.≈≈≈.≈≈≈..≈≈..≈♣♣
♣≈.≈≈....≈.≈.♣♣♣.♣
≈≈≈♣.≈≈(≈≈.≈.♣ ♣.♣♣
......≈≈≈≈≈≈.♣♣♣≈≈♣
♣♣♣♣♣..≈♣≈≈≈.♣♣...♣♣
♣.♣≈♣≈≈.....≈..♣
≈.♣..≈≈≈≈♣.≈≈y.♣♣ ≈♣
.♣≈≈≈≈>.≈Yy≈.♣
.≈≈≈.≈≈y...♣♣♣♣♣
≈≈≈≈≈≈..♣...≈≈.♣
♣≈♣♣♣♣♣.♣♣....♣♣ ♣
.(♣♣...♣♣ ♣≈♣♣♣.≈♣♣
.≈ ♣≈≈♣♣ ≈≈≈ ♣...♣♣
≈.. ♣..".♣


You could see 3 hornets.

Vanquished Creatures
  Rupert (Lair:2)
  An orc warlord (Bailey)
  A stone giant (Orc:1)
  Nessos (Lair:4)
  Snorg (D:12)
  Josephine (Orc:1)
  Erolcha (Orc:2)
  An ogre mage (Orc:2)
  10 hydras
  A catoblepas (Lair:1)
  3 alligators (Swamp:1)
  3 centaur warriors
  Nergalle (Orc:2)
  An unseen horror (D:12)
  4 hill giants
  A deep elf mage (Orc:2)
  3 orc knights
  8 ugly things
  A shambling mangrove (Swamp:1)
  3 cyclopes
  2 manticores
  8 orc sorcerers
  12 elephants
  3 ice statues (IceCv)
  A torpor snail (Lair:6)
  Maurice (D:12)
  2 gargoyles (D:14)
  25 spiny frogs
  8 rime drakes
  An efreet (D:13)
  5 komodo dragons
  A freezing wraith (D:13)
  5 trolls
  2 ice devils (Lair:2)
  2 hornets
  5 tyrant leeches (Lair:6)
  3 polar bears
  A jumping spider (Lair:4)
  Grinder (D:5)
  A two-headed ogre (D:12)
  A bog body (Swamp:1)
  10 blink frogs
  12 hippogriffs
  The ghost of Sanvar the Changer, an amateur OpTm (D:4)
  Sigmund (D:5)
  A redback (Lair:4)
  6 wraiths
  A shadow (D:12)
  A centaur simulacrum (D:13)
  A spriggan (shapeshifter) (D:13)
  3 wyverns
  60 yaks
  4 hogs (D:9)
  A basilisk (Lair:2)
  A human (D:9)
  14 vampire mosquitoes
  2 hungry ghosts
  A warg (Orc:1)
  The ghost of Lichfox the Grave Robber, an amateur HuNe (Sewer)
  Menkaure (D:7)
  2 swamp worms (Swamp:1)
  2 soldier ants (D:12)
  18 water moccasins
  Duvessa (D:7)
  11 porcupines
  14 orc warriors
  2 sky beasts
  2 eyes of draining
  5 black bears
  10 ice beasts
  A hornet zombie (D:13)
  12 ogres
  5 phantoms
  7 necrophages
  4 wolves (Lair:4)
  7 centaurs
  16 crocodiles
  3 big kobolds
  20 bullfrogs
  A gnoll sergeant (D:9)
  A water moccasin zombie (D:9)
  Dowan (D:7)
  3 scorpions
  11 killer bees
  7 wights
  2 howler monkeys (D:9)
  4 electric eels
  4 bullfrog zombies
  2 centaur zombies
  2 crimson imps
  6 hounds
  A bullfrog skeleton (D:4)
  A gnoll shaman (D:10)
  5 orc priests
  4 jellies
  Crazy Yiuf (D:7)
  A centaur skeleton (D:12)
  9 worker ants
  4 iguanas
  34 orc wizards
  4 killer bee zombies
  A hound zombie (D:6)
  A hound skeleton (D:9)
  A howler monkey zombie (D:7)
  2 worker ant zombies
  9 gnolls
  11 adders
  8 river rats
  4 shadow imps
  2 oozes
  2 adder skeletons
  An adder zombie (D:5)
  2 worms
  A dart slug (D:2)
  7 leopard geckos
  75 orcs
  9 giant cockroaches
  17 goblins
  7 hobgoblins
  3 jackals
  3 quokkas
  4 ball pythons
  6 bats
  6 frilled lizards
  36 kobolds
  A leopard gecko zombie (D:9)
  A quokka zombie (D:6)
  26 rats
  A fungus (D:11)
  2 plants
758 creatures vanquished.

Vanquished Creatures (others)
  An orc sorcerer (Orc:2)
  A howler monkey (D:6)
  2 orcs
  A ball python (D:6)
  30 fungi
  57 plants
92 creatures vanquished.

Grand Total: 850 creatures vanquished

Notes
Turn   | Place    | Note
-------+----------+-------------------------------------------
     0 | D:1      | Chifra the Draconian Transmuter began the quest for the Orb.
     0 | D:1      | Reached XP level 1. HP: 16/16 MP: 3/3
   392 | D:1      | Reached XP level 2. HP: 15/23 MP: 5/5
   786 | D:1      | Learned a level 2 spell: Sticks to Snakes
  1125 | D:2      | Reached XP level 3. HP: 23/28 MP: 4/6
  1148 | D:2      | Learned a level 3 spell: Spider Form
  2361 | D:4      | Found a staircase to the Ecumenical Temple.
  2393 | Temple   | Entered the Ecumenical Temple
  2492 | D:4      | Reached XP level 4. HP: 10/35 MP: 7/7
  2509 | D:4      | Found a shadowy altar of Dithmenos.
  2632 | D:4      | Reached skill level 1 in Poison Magic
  2640 | D:4      | Found a glowing drain.
  2663 | Sewer    | Entered a sewer
  2666 | Sewer    | Noticed Lichfox's ghost (amateur HuNe)
  2682 | Sewer    | Killed Lichfox's ghost
  2682 | Sewer    | Reached XP level 5. HP: 22/41 MP: 5/8
  3086 | Sewer    | Reached XP level 6. HP: 32/50 MP: 9/9
  3875 | D:4      | Found a basalt altar of Yredelemnul.
  3875 | D:4      | Found a hide-covered altar of Uskayaw.
  3882 | D:4      | Found a bloodstained altar of Trog.
  3884 | D:4      | Found a snail-covered altar of Cheibriados.
  3885 | D:4      | Found an iron altar of Okawaru.
  3891 | D:4      | Your scales start taking on a dull iron-grey colour.
  3891 | D:4      | Reached XP level 7. HP: 54/57 MP: 11/11
  3891 | D:4      | Gained mutation: You can survive without breathing. [Grey Draconian growth]
  4088 | D:4      | Noticed Sanvar's ghost (amateur OpTm)
  4107 | D:4      | Killed Sanvar's ghost
  4107 | D:4      | Reached skill level 5 in Transmutations
  4243 | D:4      | Learned a level 5 spell: Blade Hands
  4245 | D:5      | Entered Level 5 of the Dungeon
  4245 | D:5      | Noticed Sigmund
  5127 | D:5      | Noticed Grinder
  5144 | D:5      | Killed Grinder
  5144 | D:5      | Reached skill level 5 in Unarmed Combat
  5144 | D:5      | Reached XP level 8. HP: 41/66 MP: 13/13
  5695 | D:5      | Killed Sigmund
  5797 | D:6      | Found a radiant altar of Vehumet.
  5804 | D:6      | Became a worshipper of Vehumet
  5810 | D:6      | Found an ancient bone altar of Kikubaaqudgha.
  5827 | D:6      | Found a deep blue altar of Sif Muna.
  5963 | D:6      | Reached skill level 5 in Fighting
  5991 | D:6      | Found a shimmering altar of Xom.
  6235 | D:6      | Reached XP level 9. HP: 27/74 MP: 16/16
  6798 | D:6      | Reached skill level 5 in Dodging
  6872 | D:7      | Found a runed door.
  6877 | D:7      | Noticed Crazy Yiuf
  6883 | D:7      | Killed Crazy Yiuf
  6883 | D:7      | Reached skill level 5 in Spellcasting
  6924 | D:7      | Noticed Dowan
  6927 | D:7      | Noticed Duvessa
  6989 | D:7      | Reached * piety under Vehumet
  6989 | D:7      | Offered knowledge of Sting by Vehumet.
  7125 | D:7      | Killed Dowan
  7126 | D:7      | Killed Duvessa
  7138 | D:7      | Found a burning altar of Makhleb.
  7177 | D:7      | Noticed Menkaure
  7186 | D:7      | Killed Menkaure
  7533 | D:7      | Found a sparkling altar of Nemelex Xobeh.
  8050 | D:7      | Found Puloweu's Gadget Emporium.
  8786 | D:8      | You fall through a shaft!
  9034 | D:9      | Reached ** piety under Vehumet
  9034 | D:9      | Offered knowledge of Flame Tongue by Vehumet.
  9084 | D:9      | Reached XP level 10. HP: 60/84 MP: 18/18
  9967 | D:8      | Reached skill level 1 in Stealth
 10349 | D:9      | Offered knowledge of Static Discharge by Vehumet.
 10753 | D:9      | Reached *** piety under Vehumet
 11263 | D:9      | Found a burning altar of Makhleb.
 11320 | D:9      | Paralysed by a hornet for 2 turns
 11452 | D:9      | Reached XP level 11. HP: 68/94 MP: 20/20
 11623 | D:10     | Entered Level 10 of the Dungeon
 11833 | D:10     | Offered knowledge of Olgreb's Toxic Radiance by Vehumet.
 12344 | D:10     | Found a staircase to the Orcish Mines.
 12455 | D:10     | Reached **** piety under Vehumet
 12473 | D:10     | Offered knowledge of Fulminant Prism by Vehumet.
 12554 | Orc:1    | Entered Level 1 of the Orcish Mines
 12593 | Orc:1    | Noticed an orc knight
 12611 | Orc:1    | Killed an orc knight
 12662 | Orc:1    | Found a flagged portal.
 12666 | Orc:1    | Noticed Josephine
 12794 | Bailey   | Entered a bailey
 12803 | Bailey   | Noticed an orc warlord
 12981 | Bailey   | Found a runed gate.
 12983 | Bailey   | Found a runed gate.
 13041 | Bailey   | Noticed an orc knight
 13047 | Bailey   | Reached ***** piety under Vehumet
 13055 | Bailey   | Killed an orc knight
 13061 | Bailey   | Found a runed gate.
 13115 | Bailey   | Killed an orc warlord
 13360 | Bailey   | Learned a level 2 spell: Shroud of Golubria
 13364 | Bailey   | Learned a level 3 spell: Regeneration
 13496 | Orc:1    | Killed Josephine
 13496 | Orc:1    | Offered knowledge of Irradiate by Vehumet.
 13531 | Orc:1    | Learned a level 5 spell: Irradiate
 13569 | Orc:2    | Entered Level 2 of the Orcish Mines
 13569 | Orc:2    | Noticed a stone giant
 13584 | Orc:1    | Killed a stone giant
 13584 | Orc:1    | Reached skill level 1 in Charms
 13897 | Orc:1    | Reached XP level 12. HP: 72/104 MP: 19/23
 13911 | Orc:1    | Reached skill level 1 in Conjurations
 14022 | Orc:2    | Found a staircase to the Elven Halls.
 14531 | Orc:2    | Noticed an ogre mage
 14549 | Orc:2    | Killed an ogre mage
 14640 | Orc:2    | Found Casaonk's Antique Armour Emporium.
 14728 | Orc:2    | Found a radiant altar of Vehumet.
 14731 | Orc:2    | Noticed Erolcha
 14740 | Orc:2    | Killed Erolcha
 15022 | Orc:2    | Found Neeriniff's Magic Scroll Emporium.
 15028 | Orc:2    | Noticed Nergalle
 15041 | Orc:2    | Killed Nergalle
 15041 | Orc:2    | Reached skill level 1 in Necromancy
 15047 | Orc:2    | Found an ancient bone altar of Kikubaaqudgha.
 15078 | Orc:2    | Bought a scroll of identify for 34 gold pieces
 15078 | Orc:2    | Bought a scroll of fog for 34 gold pieces
 15142 | Orc:2    | Found a roughly hewn altar of Beogh.
 15142 | Orc:2    | Found Paarunen's Gadget Emporium.
 15147 | Orc:2    | Found Zemopihi's Gadget Shoppe.
 15872 | Orc:2    | Paralysed by an orc sorcerer for 3 turns
 15898 | Orc:2    | Paralysed by an orc sorcerer for 5 turns
 15914 | Orc:2    | Reached skill level 10 in Fighting
 15970 | Orc:2    | Bought a scroll of magic mapping for 59 gold pieces
 15970 | Orc:2    | Bought a scroll of amnesia for 59 gold pieces
 15970 | Orc:2    | Bought a scroll of amnesia for 59 gold pieces
 16372 | D:11     | Reached skill level 10 in Unarmed Combat
 16575 | D:11     | Reached skill level 10 in Transmutations
 16739 | D:11     | Found a staircase to the Lair.
 17358 | D:11     | Offered knowledge of Delayed Fireball by Vehumet.
 17470 | Lair:1   | Entered Level 1 of the Lair of Beasts
 17623 | Lair:1   | Reached XP level 13. HP: 106/113 MP: 25/25
 17628 | Lair:1   | Reached skill level 1 in Translocations
 18083 | Lair:2   | Found a staircase to the Swamp.
 18100 | Lair:2   | Found a frozen archway.
 18116 | Lair:2   | Learned a level 4 spell: Ice Form
 18297 | IceCv    | Entered an ice cave
 18574 | IceCv    | Got a fine glaive
 18621 | Lair:2   | Identified the +7 glaive "Atih" {freeze, rElec Dex+9} (You found it in an ice cave)
 20343 | Lair:3   | Noticed Rupert
 21411 | D:12     | Noticed Snorg
 21444 | D:12     | Killed Snorg
 21616 | D:12     | Noticed Maurice
 21626 | D:12     | Killed Maurice
 21902 | D:12     | Learned a level 2 spell: Song of Slaying
 22164 | D:12     | Offered knowledge of Orb of Destruction by Vehumet.
 23236 | D:13     | Reached skill level 5 in Charms
 23414 | D:13     | Reached XP level 14. HP: 114/124 MP: 26/27
 24038 | D:14     | Found Jeyxul's Pet Rocks.
 24053 | D:14     | Bought Lehudib's Catalogue of Clay for 1015 gold pieces
 24162 | D:14     | Learned a level 2 spell: Passwall
 24190 | D:14     | Reached skill level 10 in Dodging
 24236 | D:14     | Reached skill level 1 in Earth Magic
 24793 | D:14     | Reached skill level 10 in Spellcasting
 25903 | Lair:4   | Noticed Nessos
 25930 | Lair:4   | Killed Nessos
 26866 | Lair:4   | Learned a level 6 spell: Iron Shot
 26960 | Lair:4   | Reached skill level 5 in Earth Magic
 27144 | Lair:4   | Found a hole to the Spider Nest.
 27513 | Lair:4   | Reached skill level 5 in Conjurations
 28014 | Lair:5   | Found a staircase to the Slime Pits.
 28040 | Lair:5   | Offered knowledge of Poison Arrow by Vehumet.
 28215 | Lair:5   | Found a viscous altar of Jiyva.
 28832 | Lair:6   | Entered Level 6 of the Lair of Beasts
 30833 | Lair:6   | Reached XP level 15. HP: 120/131 MP: 29/29
 31860 | Lair:6   | Learned a level 2 spell: Repel Missiles
 31863 | Lair:6   | Learned a level 2 spell: Swiftness
 32387 | Lair:2   | Killed Rupert
 32943 | Swamp:1  | Entered Level 1 of the Swamp
 33463 | Swamp:1  | Offered knowledge of Bolt of Cold by Vehumet.
 33465 | Swamp:1  | Paralysed by a hornet for 3 turns
 33467 | Swamp:1  | HP: 6/157 [hornet[a shambling mangrove] (4)]
 33468 | Swamp:1  | Slain by a hornet

Skill      XL: |  1  2  3  4  5  6  7  8  9 10 11 12 13 14 15 |
---------------+----------------------------------------------+-----
Dodging        | 2 3 4 5 6 7 8 9 10 11 | 11.0
Transmutations | 4 5 6 7 8 9 10 | 10.2
Poison Magic   | 1 |  1.1
Fighting       | 2 3 4 5 6 8 9 10 11 12 | 12.0
Unarmed Combat | 4 5 6 7 8 9 10 11 12 | 12.2
Spellcasting   | 3 4 5 6 7 8 9 10 | 10.2
Stealth        | 3 4 |  4.0
Charms         | 1 3 5 |  5.0
Conjurations   | 3 6 8 |  8.1
Necromancy     | 1 2 |  2.0
Translocations | 1 |  1.0
Earth Magic    | 7 9 |  9.5

Action                   |  1- 3 |  4- 6 |  7- 9 | 10-12 | 13-15 || total
-------------------------+-------+-------+-------+-------+-------++-------
Melee: Unarmed           |   161 |   163 |   433 |   925 |  1360 ||  3042
       Tailslap          |    15 |     2 |     8 |    90 |   144 ||   259
       Headbutt          |     2 |       |       |       |       ||     2
       Punch             |     2 |       |       |    27 |    59 ||    88
       Kick              |     4 |       |       |       |       ||     4
 Cast: Beastly Appendage |     7 |     1 |     2 |       |       ||    10
       Spider Form       |       |    17 |    40 |    10 |     1 ||    68
       Blade Hands       |       |       |     3 |    50 |   119 ||   172
       Sticks to Snakes  |       |       |     1 |       |       ||     1
       Regeneration      |       |       |       |    30 |    95 ||   125
       Shroud of Golubri |       |       |       |     6 |     7 ||    13
       Ice Form          |       |       |       |       |    13 ||    13
       Passwall          |       |       |       |       |     1 ||     1
       Iron Shot         |       |       |       |       |     2 ||     2
       Repel Missiles    |       |       |       |       |     1 ||     1
       Song of Slaying   |       |       |       |       |     1 ||     1
 Abil: End Transformatio |       |       |       |     4 |    38 ||    42
Evoke: Wand              |       |       |       |     2 |       ||     2
  Use: Scroll            |     7 |     5 |     6 |     9 |    24 ||    51
       Potion            |       |     3 |     5 |    10 |    12 ||    30
 Stab: Sleeping          |       |     1 |     2 |     1 |    11 ||    15
       Distracted        |       |       |     1 |       |       ||     1
  Eat: Chunk             |     5 |     7 |     7 |    33 |    52 ||   104
       Meat ration       |       |       |     2 |     1 |     5 ||     8
       Fruit             |       |       |     3 |       |       ||     3
       Pizza             |       |       |     2 |       |     2 ||     4
       Beef jerky        |       |       |       |     2 |     2 ||     4
       Royal jelly       |       |       |       |     1 |     1 ||     2
Armor: Skin              |    38 |    30 |    64 |   324 |   491 ||   947
Dodge: Dodged            |    94 |   148 |   388 |   771 |  1383 ||  2784
